 Dungeon Crawl Stone Soup version 0.19.5 (webtiles) character file.

144 galech the Skirmisher (level 5, -2/55 HPs)
             Began as an Ogre Fighter on Mar 5, 2017.
             Slain by an orc
             ... wielding a +0 whip
              (4 damage)
             ... on level 3 of the Dungeon.
             The game lasted 00:03:43 (1596 turns).

galech the Skirmisher (Ogre Fighter)                Turns: 1596, Time: 00:03:44

Health: -2/55      AC:  5    Str: 22    XL:     5   Next: 27%
Magic:  5/5        EV:  9    Int:  7    God:
Gold:   154        SH:  8    Dex:  9    Spells: 0 memorised, 4 levels left

rFire  . . .     SeeInvis .     a - +0 flail
rCold  . . .     Gourm    .     b - +0 robe
rNeg   . . .     Faith    .     c - +0 shield
rPois  .         Spirit   .     (helmet restricted)
rElec  .         Reflect  .     y - +1 cloak
rCorr  .         Harm     .     (gloves unavailable)
MR     .....                    (boots unavailable)
Stlth  +.........               (no amulet)
                                (no ring)
                                (no ring)

@: no status effects
A: unfitting armour, tough skin 1
a: no special abilities


You were on level 3 of the Dungeon.
You were hungry.

You visited 1 branch of the dungeon, and saw 3 of its levels.

You collected 154 gold pieces.

Inventory:

Hand Weapons
 a - a +0 flail (weapon)
Armour
 b - a +0 robe (worn)
 c - a +0 shield (worn)
 y - a +1 cloak (worn)
Wands
 s - a wand of random effects (11/48)
Scrolls
 h - 2 scrolls of noise {unknown}
 i - 5 scrolls of identify {unknown}
 o - a scroll of fear {unknown}
 r - a scroll of fog {unknown}
 t - 3 scrolls of magic mapping {unknown}
 u - a scroll of teleportation {unknown}
 w - a scroll of remove curse {unknown}
 x - a scroll of enchant weapon {unknown}
Potions
 d - a potion of might
 j - a potion of magic {unknown}
 k - a potion of brilliance {unknown}
 l - 3 potions of mutation {unknown}
 m - 2 potions of curing {unknown}
 n - a potion of agility {unknown}
 p - 5 potions of flight {unknown}
Comestibles
 f - 3 bread rations
 g - 2 meat rations
 q - a beef jerky
 v - a fruit


   Skills:
 + Level 4.8 Fighting
 + Level 4.2 Maces & Flails
 + Level 3.8 Dodging
 + Level 0.1 Stealth
 + Level 3.2 Shields


You had 4 spell levels left.
You didn't know any spells.

Dungeon Overview and Level Annotations

Branches:
Dungeon (3/15)

Altars:
Gozag


Innate Abilities, Weirdness & Mutations

You are too large for most types of armour.
You have tough skin. (AC +1)


Message History

Something hits you.
* * * LOW HITPOINT WARNING * * *
You miss something.
You hear some strange, mumbled words.
A magic dart appears from out of thin air!
The magic dart hits you!
* * * LOW HITPOINT WARNING * * *
Something hits you.
* * * LOW HITPOINT WARNING * * *
You sock something!
Reactivating autopickup.
Your Maces & Flails skill increases to level 4!
You feel a bit more experienced.
You barely miss the orc. The orc closely misses you.
The orc hits you with a whip.
* * * LOW HITPOINT WARNING * * *
You hit the orc.
The orc is almost dead.
The orc hits you with a whip.
You die...

#.....#
#.#####
#.# #.#
#.# #$#
#.# #.#
#@#
######
#o#
......
#.#
...####
#.#
.......
#..
...####
##. .
.<


You could see an orc.

Vanquished Creatures
  An orc wizard (D:3)
  Crazy Yiuf (D:2)
  An adder (D:2)
  4 worms
  3 dart slugs
  3 leopard geckos
  2 orcs (D:3)
  5 bats
  4 giant cockroaches
  6 goblins
  3 hobgoblins
  9 jackals
  A quokka (D:2)
  2 ball pythons (D:2)
  3 frilled lizards (D:2)
  A kobold (D:3)
  5 rats (D:1)
  A fungus (D:2)
55 creatures vanquished.

Notes
Turn   | Place    | Note
-------+----------+-------------------------------------------
     0 | D:1      | galech the Ogre Fighter began the quest for the Orb.
     0 | D:1      | Reached XP level 1. HP: 24/24 MP: 1/1
   262 | D:1      | Reached XP level 2. HP: 28/32 MP: 2/2
   372 | D:1      | Reached XP level 3. HP: 25/39 MP: 3/3
   942 | D:2      | Reached XP level 4. HP: 49/49 MP: 4/4
  1105 | D:2      | Found an opulent altar of Gozag.
  1437 | D:2      | Found a runed door.
  1441 | D:2      | Noticed Crazy Yiuf
  1446 | D:2      | Killed Crazy Yiuf
  1576 | D:3      | Reached XP level 5. HP: 55/55 MP: 5/5
  1595 | D:3      | HP: 2/55 [orc/whip (2)]
  1596 | D:3      | Slain by an orc

Skill      XL: |  1  2  3  4  5 |
---------------+----------------+-----
Dodging        | 3 |  3.8
Shields        | 3 |  3.2
Maces & Flails | 3 4 |  4.2
Fighting       | |  4.8
Stealth        | |  0.1

Action                   |  1- 3 |  4- 6 || total
-------------------------+-------+-------++-------
Melee: Flail             |   125 |    76 ||   201
 Stab: Sleeping          |       |     1 ||     1
  Eat: Chunk             |       |     2 ||     2
Armor: Robe              |    60 |     8 ||    68
Dodge: Dodged            |    57 |    13 ||    70
Block: Shield            |    68 |    19 ||    87
